 Dungeon Crawl Stone Soup version 0.18-b1-2-gd0c887e (webtiles) character file.

811 bod the Skirmisher (level 8, -6/64 HPs)
             Began as a Human Wanderer on Apr 28, 2016.
             Mangled by an ogre
             ... wielding a +0 giant spiked club
              (16 damage)
             ... on level 4 of the Dungeon.
             The game lasted 02:31:00 (6547 turns).

bod the Skirmisher (Human Wanderer)                 Turns: 6547, Time: 02:31:00

Health: -6/64      AC: 16    Str: 14    XL:     8   Next: 15%
Magic:  8/8        EV:  4    Int: 14    God:
Gold:   148        SH:  4    Dex: 12    Spells: 0 memorised, 7 levels left

rFire  . . .     SeeInvis .     k - +1 dagger (venom)
rCold  . . .     Gourm    .     u - +1 plate armour
rNeg   . . .     Faith    .     i - +0 buckler
rPois  .         Spirit   .     o - +2 helmet
rElec  .         Dismiss  .     (no cloak)
rCorr  .         Reflect  .     (no gloves)
SustAt .         Harm     .     (no boots)
MR     .....     Clarity  +     (no amulet)
Stlth  ..........               (no ring)
                                (no ring)

@: about to teleport, not resistant to hostile enchantments, extremely
unstealthy
A: clarity, wild magic 1
a: no special abilities


You were on level 4 of the Dungeon.
You were hungry.

You visited 1 branch of the dungeon, and saw 4 of its levels.

You collected 148 gold pieces.

Inventory:

Hand Weapons
 a - a +1 dagger of speed
 b - a +0 shortbow
 c - a +0 whip
 e - a +0 short sword
 k - a +1 dagger of venom (weapon)
 l - a +0 hunting sling
 n - a +2 short sword
 r - a +0 quarterstaff
 s - a +0 trident
 x - a +0 blowgun
 z - a +0 war axe
 A - a +0 war axe
 D - a +0 halberd
 L - a +0 club
 M - a +0 short sword
 N - a +0 mace
 O - a +0 whip
 P - a +0 short sword
 T - a +0 whip
 U - a +0 halberd
 V - a +0 war axe
 X - a +0 club
Missiles
 d - 12 sling bullets
 t - 204 stones (quivered)
 v - 32 bolts
 C - 7 needles of sleeping
 J - 38 arrows
 Q - 14 poisoned needles
Armour
 i - a +0 buckler (worn)
 j - a +0 animal skin
 o - a +2 helmet (worn)
 u - a +1 plate armour (worn)
 w - a +0 chain mail
 y - a +0 ring mail
 H - a +0 chain mail
 S - a +0 chain mail
 W - a +0 scale mail
Wands
 p - a wand of flame (46/48)
Scrolls
 g - 2 scrolls of enchant weapon {unknown}
 h - a scroll of immolation
 I - a scroll of identify
 K - a scroll of remove curse
Comestibles
 f - 3 bread rations
 q - 5 meat rations
 E - 2 slices of pizza


   Skills:
 + Level 6.1 Fighting
 + Level 3.5 Short Blades
 + Level 0.6(1.0) Slings
 + Level 1.0(1.1) Throwing
 + Level 4.7 Armour
 + Level 2.5 Dodging
 + Level 1.6 Stealth
 + Level 3.2 Shields


You had 7 spell levels left.
You didn't know any spells.

Dungeon Overview and Level Annotations

Branches:
Dungeon (4/15)
 Temple: D:4-7

Altars:
Ashenzari
Dithmenos
Fedhas
Gozag
Pakellas
Qazlal
Zin


Innate Abilities, Weirdness & Mutations

You possess an exceptional clarity of mind.
Your spells are a little harder to cast, but a little more powerful.


Message History

As you read the scroll labeled QYCWOS AKHA, it crumbles to dust.
It is a scroll of amnesia.
You feel forgetful for a moment.
The ogre hits you with a giant spiked club.
* * * LOW HITPOINT WARNING * * *
Read which item? (? for menu, Esc to quit)
As you read the scroll labeled VISCHE TIORGHUO, it crumbles to dust.
It is a scroll of recharging.
Charge which item? (? for menu, Esc to quit)
Your wand of flame glows for a moment.
You don't know any spells.
Evoke which item? (* to show all) (? for menu, Esc to quit)
Zapping:
p - a wand of flame {recharged} (will waste charges)
Press: ? - help, Shift-Dir - straight line, f - ogre
Aim: an ogre, wielding a giant spiked club (severely wounded, poisoned)
The puff of flame hits the ogre.
The ogre is severely wounded.
Evoking this partially-identified wand wasted a few charges.
The ogre hits you with a giant spiked club!
You die...

####≈≈≈≈≈≈≈≈≈≈≈≈≈≈≈≈≈≈≈≈≈≈≈≈≈≈≈≈#
gg.#........................(...#
...##############################
##+#.......................'....#
.# #########################.....
.# ........#8..8#......#....# .#
........)....'..8#..##''## .#
........O....'..8#)....... .#
........#@...#..)÷........ .#
''#######....#########''## .# .
#..).#....#.#....# .#..
#....###.##.#..... ##'#
#....#......'....#
...#############''''#############
.gg#..............).............#
####≈≈≈≈≈≈≈≈≈≈≈≈..[.≈≈≈≈≈≈≈≈≈≈≈≈#
≈≈≈≈≈≈≈≈≈≈≈≈≈≈≈≈.)..≈≈≈≈≈≈≈≈≈≈≈≈≈


You could see an ogre.

Vanquished Creatures
  Sigmund (D:2)
  A centaur (D:3)
  A hound (D:4)
  A gnoll shaman (D:4)
  Jessica (D:3)
  Robin (D:3)
  30 gnolls
  4 adders
  2 oozes (D:3)
  3 worms
  2 dart slugs
  3 giant geckos
  11 orcs
  4 ball pythons
  2 giant cockroaches
  19 goblins
  11 hobgoblins
  24 jackals
  2 quokkas
  8 bats
  A giant gecko zombie (D:4)
  5 giant newts
  7 kobolds
  7 rats
  2 fungi (D:2)
  2 plants (D:2)
155 creatures vanquished.

Vanquished Creatures (others)
  A fungus (D:2)
1 creature vanquished.

Grand Total: 156 creatures vanquished

Notes
Turn   | Place    | Note
--------------------------------------------------------------
     0 | D:1      | bod the Human Wanderer began the quest for the Orb.
     0 | D:1      | bod set off with: a +2 short sword, a potion of curing, a scroll of teleportation, a +0 robe, a bread ration
     0 | D:1      | Reached XP level 1. HP: 19/19 MP: 1/1
   351 | D:1      | Reached XP level 2. HP: 25/25 MP: 2/2
  1038 | D:1      | Reached XP level 3. HP: 31/31 MP: 3/3
  1379 | D:2      | Noticed Sigmund
  1404 | D:2      | Killed Sigmund
  1404 | D:2      | Reached skill level 5 in Fighting
  1404 | D:2      | Reached XP level 4. HP: 16/39 MP: 4/4
  1404 | D:2      | Reached XP level 5. HP: 18/44 MP: 5/5
  1834 | D:2      | Found a shattered altar of Ashenzari.
  1840 | D:2      | Found a blossoming altar of Fedhas.
  1843 | D:2      | Reached XP level 6. HP: 25/51 MP: 6/6
  2137 | D:2      | Found an oddly glowing altar of Pakellas.
  2289 | D:2      | Found a glowing silver altar of Zin.
  2819 | D:3      | Found a stormy altar of Qazlal.
  3210 | D:3      | HP: 1/52 [centaur/uncursed flail (4)]
  3586 | D:3      | Noticed Robin
  3837 | D:3      | Killed Robin
  4102 | D:3      | Reached XP level 7. HP: 56/57 MP: 7/7
  4342 | D:3      | Reached skill level 1 in Throwing
  4434 | D:3      | Noticed Jessica
  4443 | D:3      | Killed Jessica
  5356 | D:4      | Found a shadowy altar of Dithmenos.
  5363 | D:4      | Found an opulent altar of Gozag.
  6054 | D:4      | Reached skill level 6 in Fighting
  6105 | D:4      | Reached XP level 8. HP: 59/64 MP: 8/8
  6543 | D:4      | Gained mutation: You possess an exceptional clarity of mind. [potion of mutation]
  6543 | D:4      | Gained mutation: Your spells are a little harder to cast, but a little more powerful. [potion of mutation]
  6547 | D:4      | Mangled by an ogre

Skill      XL: |  1  2  3  4  5  6  7 |
---------------+----------------------+-----
Fighting       | 5 6 |  6.1
Dodging        | 2 |  2.5
Armour         | 2 4 |  4.7
Throwing       | 1 |  1.0
Short Blades   | 3 |  3.5
Shields        | 3 |  3.2
Slings         | |  0.6
Stealth        | |  1.6

Action                   |  1- 3 |  4- 6 |  7- 9 || total
-------------------------+-------+-------+-------++-------
Melee: Short sword       |    22 |    10 |       ||    32
       Dagger            |    78 |   450 |   601 ||  1129
 Fire: Hunting sling     |       |     6 |       ||     6
       Shortbow          |       |     2 |       ||     2
Throw: Stone             |     4 |     8 |       ||    12
Evoke: Wand              |       |       |     1 ||     1
  Use: Potion            |     2 |     2 |     2 ||     6
       Scroll            |       |    11 |     4 ||    15
  Eat: Chunk             |     1 |    10 |     8 ||    19
Armor: Robe              |     6 |       |       ||     6
       Leather armour    |    12 |       |       ||    12
       Plate armour      |     1 |   187 |   290 ||   478
Dodge: Dodged            |    29 |    40 |    67 ||   136
Block: Buckler           |    12 |     7 |    60 ||    79
